 Dungeon Crawl Stone Soup version 0.24-a0-161-g3f7990a (webtiles) character file.

Game seed: 2380257630751883672

86 MatthieuS the Skirmisher (level 4, 0/33 HPs)
             Began as a Halfling Wanderer on Mar 5, 2019.
             Killed from afar by an orc wizard (4 damage)
             ... with a magic dart
             ... on level 3 of the Dungeon.
             The game lasted 00:05:57 (2396 turns).

MatthieuS the Skirmisher (Halfling Wanderer)        Turns: 2396, Time: 00:05:57

Health: 0/33       AC:  3    Str: 14    XL:     4   Next: 77%
Magic:  4/4        EV: 16    Int: 11    God:
Gold:   83         SH:  9    Dex: 17    Spells: 3/3 levels left

rFire    . . .     SeeInvis .   b - +0 mace
rCold    . . .     Gourm    .   a - +0 shield
rNeg     . . .     Faith    .   j - +0 leather armour
rPois    .         Spirit   .   (no helmet)
rElec    .         Reflect  .   (no cloak)
rCorr    .         Harm     .   (no gloves)
MR       .....                  (no boots)
Stlth    +++.......             (no amulet)
HPRegen  0.11/turn              (no ring)
MPRegen  0.09/turn              (no ring)

@: agile, hasted, very quick
A: small, mutation resistance 1
a: no special abilities


You were on level 3 of the Dungeon.
You were not hungry.

You visited 1 branch of the dungeon, and saw 3 of its levels.

You collected 83 gold pieces.

Inventory:

Hand Weapons
 b - a +0 mace (weapon)
Armour
 a - a +0 shield (worn)
 j - a +0 leather armour (worn)
   (You found it on level 1 of the Dungeon)
Scrolls
 f - 2 scrolls of identify {unknown}
 g - a scroll of blinking {unknown}
 h - a scroll of magic mapping {unknown}
 l - a scroll of remove curse {unknown}
Potions
 i - a potion of curing {@q1}
 k - a potion of haste {@q3}
 m - a potion of berserk rage {unknown}
Comestibles
 d - 8 chunks of flesh
 e - 9 rations


   Skills:
 + Level 3.9 Fighting
 * Level 2.9 Maces & Flails
 - Level 0.8 Armour
 - Level 1.6 Dodging
 + Level 2.1 Stealth
 + Level 2.7 Shields


You had 3 spell levels left.
You didn't know any spells.
Your spell library was empty.

Dungeon Overview and Level Annotations

Branches:
Dungeon (3/15)

Altars:
Dithmenos


Innate Abilities, Weirdness & Mutations

You are small and have problems with some larger weapons.
You are somewhat resistant to further mutation.


Message History

You hit the orc. The orc hits you with a +0 falchion!
You hit the orc. The orc hits you but does no damage.
You block the orc's attack.
You closely miss the orc.
The orc wizard casts a spell.
The orc wizard blinks!
You block the orc's attack.
You hit the orc.
You kill the orc!
The orc hits you with a +0 club.
You hit the orc. The orc barely misses you.
The orc wizard hits you with a +0 dagger.
* * * LOW HITPOINT WARNING * * *
You hit the orc wizard. The orc closely misses you.
You block the orc wizard's attack.
You closely miss the orc wizard. You block the orc's attack.
The orc wizard closely misses you. You block the orc's attack.
Unknown command.
It was a potion of agility.
You feel agile all of a sudden. You block the orc wizard's attack.
You hit the orc wizard. The orc completely misses you.
You block the orc wizard's attack. The orc closely misses you.
You hit the orc wizard. You block the orc wizard's attack. x2
The orc hits you with a +0 club.
* * * LOW HITPOINT WARNING * * *
You sock the orc!
You kill the orc!
The orc wizard hits you with a +0 dagger.
* * * LOW HITPOINT WARNING * * *
You block the orc's attack.
You hit the orc wizard but do no damage.
The orc wizard closely misses you. The orc hits you.
* * * LOW HITPOINT WARNING * * *
The orc wizard hits you with a +0 dagger.
* * * LOW HITPOINT WARNING * * *
It was a potion of haste.
You feel yourself speed up. You block the orc's attack.
You block the orc wizard's attack.
It was a potion of curing.
You feel better. The orc closely misses you.
You barely miss the orc wizard.
The orc wizard gestures at you while chanting.
You resist with some effort. The orc closely misses you.
You closely miss the orc wizard. The orc wizard closely misses you.
The orc hits you.
* * * LOW HITPOINT WARNING * * *
You hit the orc wizard but do no damage.
You block the orc wizard's attack. You block the orc's attack.
You closely miss the orc wizard. The orc wizard casts a spell at you.
The magic dart hits you.
You die...

.?...............
#........ยง.......
......o..........
#.....o.........
#...............
########........# # ##.
#).oo#..##..#.. #.. #o#.##..#
....# ### #.# #@#.##..##...#
...## #.# ####o#.##.......#
#..# #.# #............##.#
###.####.####.#.....#...<...#
#..........##.#....##.#####...
#.......)..##....###..#
#.............#.## #..#
#..........##...# #.##
#..........##..## ##.#


You could see an orc wizard and an orc.

Vanquished Creatures
  2 adders (D:2)
  An ooze (D:2)
  2 leopard geckos
  3 orcs (D:3)
  6 goblins
  8 hobgoblins
  7 jackals
  2 quokkas (D:2)
  7 bats
  A frilled lizard (D:2)
  8 kobolds
  4 rats
  A plant (D:1)
52 creatures vanquished.

Notes
Turn   | Place    | Note
-------+----------+-------------------------------------------
     0 | D:1      | MatthieuS the Halfling Wanderer began the quest for the
                  | Orb.
     0 | D:1      | MatthieuS set off with the following items: a +0 shield, a
                  | +0 mace, a potion of lignification {!q}, a +0 robe, a
                  | ration
     0 | D:1      | Reached XP level 1. HP: 16/16 MP: 1/1
   195 | D:1      | Reached XP level 2. HP: 16/22 MP: 2/2
   659 | D:1      | Reached XP level 3. HP: 11/27 MP: 3/3
  1617 | D:2      | Reached XP level 4. HP: 26/33 MP: 4/4
  1866 | D:2      | Found a shadowy altar of Dithmenos.
  2390 | D:3      | HP: 1/33 [orc wizard/+0 dagger (5)]
  2396 | D:3      | Killed from afar by an orc wizard

Levels and vault maps discovered:
D:1:      lightli_arrival_noodles, layout_basic, serial_bayou,
          serial_bayou_pond_a, serial_bayou_lake_a, serial_bayou_shore_a,
          serial_bayou_lagoon_a, serial_bayou_pond_a, minmay_strange_pillars
D:2:      layout_rooms, first_ration, nicolae_dithmenos_shadow_blocks
D:3:      layout_rooms, uniq_crazy_yiuf_cottage, uniq_natasha

Skill      XL: |  1  2  3  4 |
---------------+-------------+-----
Maces & Flails | 2 |  2.9
Stealth        | 2 |  2.1
Fighting       | |  3.9
Armour         | |  0.8
Dodging        | |  1.6
Shields        | |  2.7

Action                   |  1- 3 |  4- 6 || total
-------------------------+-------+-------++-------
Melee: Mace              |   155 |   103 ||   258
  Use: Potion            |     1 |     3 ||     4
 Stab: Sleeping          |     1 |     3 ||     4
       Distracted        |       |     1 ||     1
  Eat: Ration            |     1 |       ||     1
       Chunk             |       |     2 ||     2
Armor: Robe              |     4 |       ||     4
       Leather armour    |    31 |    33 ||    64
       Skin              |     2 |       ||     2
Dodge: Dodged            |    80 |    74 ||   154
Block: Shield            |    46 |    83 ||   129

Table legend:
 A = Non-vault XP
 B = Vault XP
 C = Vault XP percentage of total XP
 D = Non-vault monster count
 E = Vault monster count
 F = Vault count percentage of total count
                 A         B        C        D         E       F
            +---------+---------+-------+---------+---------+-------
      Total |     123 |       0 |   0.0 |      51 |       0 |   0.0
            +---------+---------+-------+---------+---------+-------
        D:1 |      37 |       0 |   0.0 |      21 |       0 |   0.0
        D:2 |      66 |       0 |   0.0 |      20 |       0 |   0.0
        D:3 |      20 |       0 |   0.0 |      10 |       0 |   0.0
            +---------+---------+-------+---------+---------+-------
